 Dungeon Crawl Stone Soup version 0.17-a0-1475-g9f81d98 (webtiles) character file.

368 amnekian the Stinger (level 6, -4/38 HPs)
             Began as an Octopode Transmuter on July 2, 2015.
             Was a Believer of Cheibriados.
             Shot with an arrow by a centaur (12 damage)
             ... on level 5 of the Dungeon.
             The game lasted 00:32:13 (8305 turns).

amnekian the Stinger (Octopode Transmuter)          Turns: 8305, Time: 00:32:13

Health: -4/38      AC:  1    Str: 13    XL:     6   Next: 69%
Magic:  4/9        EV: 13    Int: 21    God:    Cheibriados [**....]
Gold:   141        SH:  0    Dex: 17    Spells: 3 memorised, 3 levels left

rFire  . . .     SeeInvis .       - Unarmed
rCold  . . .     Clarity  .     (no shield)
rNeg   . . .     SustAt   .     (helmet restricted)
rPois  .         Gourm    .     (no amulet)
rElec  .         Spirit   .     (no ring)
rCorr  .         Warding  .     (no ring)
rMut   .         Stasis   .     (no ring)
MR     .....                    (no ring)
Stlth  ++++......               (no ring)
                                (no ring)
                                (no ring)
                                (no ring)

@: very slightly contaminated, very slow, not resistant to hostile enchantments,
stealthy
A: almost no armour, amphibious, 8 rings, constrict 8, camouflage 1, gelatinous
body 1
a: Bend Time, Renounce Religion


You were on level 5 of the Dungeon.
You worshipped Cheibriados.
Cheibriados was pleased with you.
You were not hungry.

You visited 1 branch of the dungeon, and saw 5 of its levels.

You collected 141 gold pieces.

Inventory:

Hand weapons
 l - a +0 blowgun
Missiles
 a - 8 arrows
 e - 187 stones (quivered)
 p - 7 poisoned needles
Armour
 d - a +1 buckler
Magical devices
 g - a wand of lightning (6)
 n - a wand of magic darts (18)
 o - a wand of random effects (35)
Scrolls
 i - 3 scrolls of identify
 j - 2 scrolls of remove curse
Potions
 h - a potion of agility
 k - a potion of heal wounds {unknown}
 m - a potion of curing
 q - a potion of poison {unknown}
Books
 b - a book of Changes

   Spells                             Type                      Level
   a - Beastly Appendage              Transmutation                1
   b - Sticks to Snakes               Transmutation                2
   c - Spider Form                    Transmutation/Poison         3
   d - Ice Form                       Ice/Transmutation            4
   e - Blade Hands                    Transmutation                5
Comestibles
 c - 2 bread rations
 f - 2 fruits
 r - a chunk of flesh


   Skills:
 - Level 1.0 Fighting
 - Level 2.0 Dodging
 - Level 4.0 Stealth
 * Level 3.4 Unarmed Combat
 - Level 2.0 Spellcasting
 - Level 4.0 Transmutations
 - Level 5.0 Poison Magic


You had 3 spell levels left.
You knew the following spells:

 Your Spells              Type           Power        Failure   Level  Hunger
a - Beastly Appendage     Trmt           ###...       2%          1    #......
b - Sticks to Snakes      Trmt           ###.......   4%          2    ##.....
c - Spider Form           Trmt/Pois      ###.......   10%         3    ###....


Dungeon Overview and Level Annotations

Branches:
Dungeon (5/15)
 Temple: D:4-7

Altars:
Cheibriados
Nemelex Xobeh
Xom


Innate Abilities, Weirdness & Mutations

You cannot wear most types of armour.
You are amphibious.
You can wear up to eight rings at the same time.
You can use your tentacles to constrict eight enemies at once.
Your skin changes colour to match your surroundings (Stealth).
Your rubbery body absorbs attacks (AC +1).


Message History

The centaur shoots an arrow.
The arrow hits you.
You see here 2 arrows.
The centaur shoots an arrow.
The arrow barely misses you.
Your ball python bites the orc.
Your ball python constricts the orc.
The orc dies!
Cheibriados appreciates the change of pace.
The centaur shoots an arrow.
The arrow hits your ball python.
Your ball python dies!
Your ball python bites the centaur but does no damage.
The centaur unwields an uncursed shortbow.
The centaur hits your ball python!
Your ball python dies!
The centaur wields an uncursed shortbow.
The centaur shoots an arrow.
The arrow hits you.
* * * LOW HITPOINT WARNING * * *
Your ball python bites the centaur but does no damage. x2
You see here an arrow.
The centaur shoots an arrow.
The arrow closely misses you.
The centaur shoots an arrow.
The arrow hits you!
You die...

##..>........#.#
#.........cS.c.#
#.............##
#..........(.##
#.........((.#
#........(((##
#...........#
#........(.##
#.......(@## ##
##.........###.##
####...........##
#.............##
#....#............
#.....#...........
#......#..........
#.................
#.......#.........


You could see 2 centaurs and a friendly ball python.

Vanquished Creatures
  A giant frog (D:3)
  Natasha (D:4)
  3 gnolls
  10 adders
  4 oozes
  3 worms
  5 orcs (D:3)
  14 bats
  2 bat skeletons
  4 giant cockroaches
  14 goblins
  10 hobgoblins
  11 jackals
  2 ball pythons
  4 giant geckos
  8 giant newts
  12 kobolds
  A quokka (D:3)
  11 rats
120 creatures vanquished.

Vanquished Creatures (collateral kills)
  A gnoll (D:3)
  An adder (D:4)
  An orc (D:5)
  A goblin (D:1)
4 creatures vanquished.

Grand Total: 124 creatures vanquished

Notes
Turn   | Place    | Note
--------------------------------------------------------------
     0 | D:1      | amnekian the Octopode Transmuter began the quest for the Orb.
     0 | D:1      | Reached XP level 1. HP: 13/13 MP: 3/3
    14 | D:1      | Reached skill level 1 in Stealth
   218 | D:1      | Reached XP level 2. HP: 18/18 MP: 5/5
   241 | D:1      | Learned a level 2 spell: Sticks to Snakes
   951 | D:2      | Found a shimmering altar of Xom.
  1476 | D:2      | Reached XP level 3. HP: 19/23 MP: 6/6
  1582 | D:2      | Reached skill level 4 in Stealth
  1679 | D:2      | Found a sparkling altar of Nemelex Xobeh.
  2584 | D:1      | Reached XP level 4. HP: 21/28 MP: 5/7
  2830 | D:2      | Learned a level 3 spell: Spider Form
  3372 | D:3      | Reached skill level 1 in Poison Magic
  3759 | D:3      | Reached XP level 5. HP: 21/33 MP: 2/8
  4217 | D:3      | HP: 1/33 [poisoned by an adder]
  5488 | D:3      | Found a snail-covered altar of Cheibriados.
  5498 | D:3      | Became a worshipper of Cheibriados the Contemplative
  6132 | D:3      | Reached XP level 6. HP: 14/38 MP: 3/9
  6638 | D:3      | Acquired Cheibriados's first power
  7615 | D:4      | Reached skill level 5 in Poison Magic
  7798 | D:4      | Noticed Natasha
  7805 | D:4      | Killed Natasha
  7962 | D:5      | Entered Level 5 of the Dungeon
  8305 | D:5      | Shot with an arrow by a centaur

Vault maps used:
D:1:      minmay_arrival_five_plusses
D:2:      old_standard_altar, nicolae_overflow_hidden_temple,
          minmay_misc_feat_plants
D:3:      wad_lake_hut, old_standard_altar, st_stairs_12, roderic_roman_lattice
D:4:      minmay_temple_entry_large_hall, uniq_duvessa, uniq_natasha,
          uniq_sigmund, uniq_edmund
D:5:      lightli_temple_of_fire, kennysheep_mini, first_bread,
          gup_sewer_entry_bowl, kennysheep_generic_room_16

Action                   |  1- 3 |  4- 6 || total
-------------------------+-------+-------++-------
Melee: Unarmed           |    98 |   244 ||   342
Throw: Stone             |       |    15 ||    15
 Cast: Beastly Appendage |     5 |    24 ||    29
       Sticks to Snakes  |     3 |    16 ||    19
       Spider Form       |       |     5 ||     5
Evoke: Wand              |       |     5 ||     5
  Use: Potion            |     2 |       ||     2
       Scroll            |       |     6 ||     6
 Stab: Sleeping          |    16 |    10 ||    26
       Distracted        |       |     5 ||     5
  Eat: Meat ration       |     1 |       ||     1
       Chunk             |       |    17 ||    17
       Fruit             |       |     1 ||     1
